 Dungeon Crawl Stone Soup version 0.22.1-1-ga44c0e5 (webtiles) character file.

367 whitewolfNL the Sneak (level 6, -3/38 HPs)
             Began as an Octopode Transmuter on Sept 20, 2018.
             Was an Initiate of Yredelemnul.
             Slain by an orc
             ... wielding a +0 club
              (5 damage)
             ... on level 3 of the Dungeon.
             The game lasted 00:24:34 (5260 turns).

whitewolfNL the Sneak (Octopode Transmuter)         Turns: 5260, Time: 00:24:36

Health: -3/38      AC:  1    Str: 10    XL:     6   Next: 69%
Magic:  9/9        EV: 14    Int: 16    God:    Yredelemnul [......]
Gold:   37         SH:  0    Dex: 13    Spells: 8/9 levels left

rFire    . . .     SeeInvis .     - Unarmed
rCold    . . .     Gourm    .   (no shield)
rNeg     . . .     Faith    .   (helmet restricted)
rPois    .         Spirit   .   (no amulet)
rElec    .         Reflect  .   (no ring)
rCorr    .         Harm     .   (no ring)
MR       .....                  (no ring)
Stlth    ++++......             (no ring)
HPRegen  0.12/turn              (no ring)
MPRegen  0.11/turn              (no ring)
                                (no ring)
                                (no ring)

@: no status effects
A: almost no armour, stealthy swim, amphibious, 8 rings, constrict 8, camouflage
1, gelatinous body 1
a: Renounce Religion


You were on level 3 of the Dungeon.
You worshipped Yredelemnul.
Yredelemnul was noncommittal.
You were not hungry.

You visited 1 branch of the dungeon, and saw 4 of its levels.

You collected 92 gold pieces.
You spent 55 gold pieces at shops.

Inventory:

Hand Weapons
 o - a +0 hunting sling
Missiles
 a - 70 arrows
 b - 127 stones
 g - 23 sling bullets
 h - 3 throwing nets (quivered)
 q - 49 bolts
Wands
 w - a wand of disintegration (8)
Scrolls
 c - a scroll of fear {unknown}
 e - a scroll of blinking {unknown}
 i - a scroll of remove curse
 j - 2 scrolls of magic mapping
 l - a scroll of enchant armour {unknown}
 n - a scroll of teleportation {unknown}
 s - a scroll of identify
 t - a scroll of enchant weapon {unknown}
Potions
 d - a potion of degeneration {unknown}
 k - 2 potions of curing
 m - a potion of brilliance {unknown}
 p - a potion of magic {unknown}
 r - a potion of might {unknown}
 v - a potion of heal wounds
Comestibles
 f - 4 rations
 u - 5 chunks of flesh


   Skills:
 - Level 1.0 Fighting
 + Level 3.4 Dodging
 * Level 5.8 Stealth
 + Level 5.1 Unarmed Combat
 + Level 2.0 Spellcasting
 + Level 2.0 Transmutations


You had 8 spell levels left.
You knew the following spells:

 Your Spells              Type           Power        Failure   Level  Hunger
a - Beastly Appendage     Tmut           #.....       9%          1    #......

Your spell library contained the following spells:

 Spells                   Type           Power        Failure   Level  Hunger
 Sticks to Snakes         Tmut           #.......     14%         2    ###....
 Spider Form              Tmut/Pois      #.........   38%         3    ###....
 Ice Form                 Ice/Tmut       #.......     80%         4    #####..
 Blade Hands              Tmut           #.........   94%         5    ######.


Dungeon Overview and Level Annotations

Branches:
Dungeon (4/15)
 Temple: D:4-7

Altars:
Dithmenos
Kikubaaqudgha
Makhleb
Uskayaw
Yredelemnul
Zin

Shops:
D:4 !


Innate Abilities, Weirdness & Mutations

You cannot wear most types of armour.
You are very stealthy in the water. (Stealth+)
You are amphibious.
You can wear up to eight rings at the same time.
You can use your tentacles to constrict eight enemies at once.
Your skin changes colour to match your surroundings (Stealth+).
Your rubbery body absorbs attacks. (AC +1, EV +1)


Message History

You constrict the worker ant. The worker ant bites you!
* * * LOW HITPOINT WARNING * * *
You release your grip on the worker ant.
The worker ant misses you. The orc barely misses you.
You climb upwards.
There is a stone staircase leading down here.
You closely miss the worker ant. You grab the worker ant.
The worker ant is severely wounded.
You constrict the worker ant, but do no damage.
The worker ant misses you. The orc hits you with a club.
* * * LOW HITPOINT WARNING * * *
The worker ant bites you!
* * * LOW HITPOINT WARNING * * *
You closely miss the orc. You grab the orc. You squeeze the orc.
The orc is heavily wounded.
You constrict the worker ant.
You constrict the orc, but do no damage.
The orc hits you with a club.
You die...
Your body rises from the dead as a mindless zombie.

##. #.. #.. #.. #####
####' #...# #_... #...#
##....
#############[..###.[.#.
#......@....'....##.....
#.##..ao#####....#...#..
#.##....# #...##......
#.##....# #####_..#...
#.##....# ###......
#.##....########.#..[#..
#................##.....
#######.########..#...#.
#.# #.###....


You could see a worker ant and an orc.

Vanquished Creatures
  A crimson imp (D:3)
  An orc wizard (D:3)
  Natasha (twice) (D:4)
  2 worker ants
  Robin (D:2)
  8 adders
  2 oozes (D:1)
  A worm (D:2)
  5 dart slugs
  A leopard gecko (D:3)
  6 orcs (D:3)
  12 bats
  4 giant cockroaches
  16 goblins
  7 hobgoblins
  4 jackals (D:2)
  7 frilled lizards
  14 kobolds
  A quokka skeleton (D:4)
  9 rats
104 creatures vanquished.

Notes
Turn   | Place    | Note
-------+----------+-------------------------------------------
     0 | D:1      | whitewolfNL the Octopode Transmuter began the quest for the
                  | Orb.
     0 | D:1      | Reached XP level 1. HP: 13/13 MP: 3/3
   139 | D:1      | Reached XP level 2. HP: 11/18 MP: 5/5
   160 | D:1      | Reached skill level 1 in Stealth
   388 | D:1      | Reached XP level 3. HP: 13/23 MP: 6/6
   536 | D:1      | HP: 1/23 [giant cockroach (2)]
  1703 | D:2      | Reached XP level 4. HP: 17/28 MP: 7/7
  2520 | D:2      | Noticed Robin
  2564 | D:2      | Killed Robin
  2592 | D:2      | Reached XP level 5. HP: 6/33 MP: 8/8
  3800 | D:3      | Reached XP level 6. HP: 17/38 MP: 7/9
  4171 | D:3      | Reached skill level 5 in Unarmed Combat
  4582 | D:3      | Found a hide-covered altar of Uskayaw.
  4582 | D:3      | Found a burning altar of Makhleb.
  4582 | D:3      | Found an ancient bone altar of Kikubaaqudgha.
  4582 | D:3      | Found a shadowy altar of Dithmenos.
  4594 | D:3      | Found a glowing silver altar of Zin.
  4601 | D:3      | Found a basalt altar of Yredelemnul.
  4686 | D:3      | Became a worshipper of Yredelemnul the Dark
  4996 | D:3      | Reached skill level 5 in Stealth
  5123 | D:4      | Found Koakoyhe's Distillery.
  5126 | D:4      | Bought a potion of heal wounds for 55 gold pieces
  5178 | D:4      | Noticed Natasha
  5183 | D:4      | Killed Natasha
  5201 | D:4      | Noticed Natasha
  5212 | D:4      | Killed Natasha
  5260 | D:3      | Slain by an orc

Skill      XL: |  1  2  3  4  5  6 |
---------------+-------------------+-----
Stealth        | 1 2 3 4 5 |  5.8
Unarmed Combat | 4 5 |  5.1
Dodging        | 3 |  3.4
Fighting       | |  1.0
Spellcasting   | |  2.0
Transmutations | |  2.0

Action                   |  1- 3 |  4- 6 || total
-------------------------+-------+-------++-------
Melee: Unarmed           |    87 |   173 ||   260
       Constrict         |    20 |    46 ||    66
       Tentacles         |    17 |    34 ||    51
       Punch             |     1 |     4 ||     5
       Kick              |       |     5 ||     5
 Cast: Beastly Appendage |       |     4 ||     4
  Use: Scroll            |       |     4 ||     4
 Stab: Sleeping          |     7 |    11 ||    18
       Distracted        |       |     1 ||     1
  Eat: Chunk             |     1 |     4 ||     5
       Ration            |     1 |     2 ||     3
Armor: Skin              |    10 |    13 ||    23
Dodge: Dodged            |    60 |   121 ||   181
